 Dungeon Crawl Stone Soup version 0.24-a0-10-gb84795d (webtiles) character file.

Game seed: 14194025107246944708

861 George the Slasher (level 7, -4/61 HPs)
             Began as a Minotaur Fighter on Jan 31, 2019.
             Was a Follower of Okawaru.
             Slain by a two-headed ogre
             ... wielding a +0 giant spiked club
              (8 damage)
             ... on level 4 of the Dungeon.
             The game lasted 00:04:18 (3051 turns).

George the Slasher (Minotaur Fighter)               Turns: 3051, Time: 00:04:19

Health: -4/61      AC: 13    Str: 22    XL:     7   Next: 71%
Magic:  6/8        EV:  9    Int:  5    God:    Okawaru [*.....]
Gold:   264        SH: 17    Dex: 10    Spells: 6/6 levels left

rFire    . . .     SeeInvis .   a - +0 long sword
rCold    . . .     Gourm    .   c - +0 shield
rNeg     . . .     Faith    .   t - +0 chain mail
rPois    .         Spirit   .   (helmet restricted)
rElec    .         Reflect  +   (no cloak)
rCorr    .         Harm     .   x - +0 pair of gloves
MR       +....                  (no boots)
Stlth    ..........             v - +5 amulet of reflection
HPRegen  0.20/turn              j - ring of protection from magic
MPRegen  0.11/turn              (no ring)

@: heroism
A: retaliatory headbutt, horns 2
a: Heroism, Renounce Religion


You were on level 4 of the Dungeon.
You worshipped Okawaru.
Okawaru was aware of your devotion.
You were very hungry.

You visited 1 branch of the dungeon, and saw 5 of its levels.

You collected 264 gold pieces.

Inventory:

Hand Weapons
 a - a +0 long sword (weapon)
Armour
 c - a +0 shield (worn)
 t - a +0 chain mail (worn)
 x - a +0 pair of gloves (worn)
Jewellery
 j - a ring of protection from magic (left hand)
 v - a +5 amulet of reflection (around neck)
Wands
 b - a wand of random effects (19)
 u - a wand of disintegration (6)
Scrolls
 g - 6 scrolls of identify {unknown}
 i - 2 scrolls of remove curse {unknown}
 k - 2 scrolls of enchant weapon {unknown}
 l - 2 scrolls of amnesia {unknown}
 n - a scroll of immolation {unknown}
 p - 2 scrolls of fog {unknown}
 q - 2 scrolls of teleportation {unknown}
 s - a scroll of noise {unknown}
 w - a scroll of fear {unknown}
Potions
 d - a potion of might
 e - 4 potions of curing {unknown}
 h - a potion of flight {unknown}
 m - 4 potions of heal wounds {unknown}
 o - 2 potions of resistance {unknown}
 r - 2 potions of agility {unknown}
Comestibles
 f - 7 rations


   Skills:
 + Level 5.2(10.2) Fighting
 * Level 7.7(12.7) Long Blades
 + Level 5.2(10.2) Armour
 + Level 5.0(10.0) Shields
 + Level 2.9 Invocations


You had 6 spell levels left.
You didn't know any spells.
Your spell library was empty.

Dungeon Overview and Level Annotations

Branches:
Dungeon (5/15)
 Temple: D:4-7

Altars:
Cheibriados
Dithmenos
Fedhas
Nemelex Xobeh
Okawaru
Trog
Wu Jian


Innate Abilities, Weirdness & Mutations

You reflexively headbutt those who attack you in melee.
You have a pair of horns on your head.


Message History

The ogre hits you with a +0 giant spiked club!!
There is a stone staircase leading up here.
The two-headed ogre completely misses you.
You furiously retaliate!
You headbutt the two-headed ogre. You block the two-headed ogre's attack.
You climb upwards.
There is a stone staircase leading down here.
You hit the two-headed ogre. You headbutt the two-headed ogre.
The two-headed ogre is moderately wounded.
The two-headed ogre hits you with a +0 giant spiked club!!
The two-headed ogre hits you with a +0 giant club.
* * * LOW HITPOINT WARNING * * *
There is an open door here.
You gain the combat prowess of a mighty hero.
You hit the two-headed ogre but do no damage.
The two-headed ogre is lightly wounded.
The two-headed ogre hits you with a +0 giant spiked club!
* * * LOW HITPOINT WARNING * * *
The two-headed ogre hits you with a +0 giant club!
You die...

#...# #....'...'..#.....#...
#..######....#..#####.....#'##
#..##)..#######'#########....#
#...#....#..............#....#
#...#....#..............#....#
#...#...##..##......)...'....#
#...#...##..##....##....#....#
#...#....#..##....#######....#
#...#....#...@....##...#####).
#...#...##..##O....'...#...#..
#...'[..##..##....##...'...#..
#...#.......##....##...##..#..
#...#...)....#.>..##...##..#..
#...#........#.........#####..
#...#........#.........##..##.
#...#...######....##........#.
#..#######..##....##........#.


You could see a two-headed ogre.

Vanquished Creatures
  An ice beast (D:4)
  A phantom (D:4)
  2 ogres (D:4)
  A vampire bat (D:4)
  2 orc priests (D:3)
  2 iguanas (D:4)
  An orc wizard (D:3)
  4 worker ants (D:4)
  4 gnolls
  4 adders
  An ooze (D:1)
  A worm (D:2)
  4 dart slugs
  3 fire bats (D:4)
  8 orcs
  2 spectral bats (D:4)
  16 bats
  3 bat skeletons (D:4)
  A bat zombie (D:4)
  3 giant cockroaches
  8 goblins
  9 hobgoblins
  3 quokkas
  A ball python (D:2)
  A bat simulacrum (D:4)
  8 frilled lizards
  6 kobolds
  2 rats
102 creatures vanquished.

Notes
Turn   | Place    | Note
-------+----------+-------------------------------------------
     0 | D:1      | George the Minotaur Fighter began the quest for the Orb.
     0 | D:1      | Reached XP level 1. HP: 19/19 MP: 0/0
   126 | D:1      | Reached skill level 3 in Long Blades
   126 | D:1      | Reached XP level 2. HP: 14/26 MP: 1/1
   304 | D:1      | Reached skill level 4 in Long Blades
   383 | D:1      | You fall through a shaft!
   387 | D:2      | Reached XP level 3. HP: 27/31 MP: 2/2
  1015 | D:2      | Reached skill level 5 in Long Blades
  1044 | D:2      | Reached XP level 4. HP: 32/39 MP: 3/3
  1361 | D:2      | Found an iron altar of Okawaru.
  1361 | D:2      | Found a sparkling altar of Nemelex Xobeh.
  1387 | D:2      | Became a worshipper of Warmaster Okawaru
  1611 | D:3      | Found a bloodstained altar of Trog.
  1693 | D:3      | Reached XP level 5. HP: 40/46 MP: 4/4
  1784 | D:3      | Reached skill level 1 in Invocations
  1787 | D:3      | Reached skill level 6 in Long Blades
  2184 | D:4      | Found a snail-covered altar of Cheibriados.
  2231 | D:4      | Reached XP level 6. HP: 46/52 MP: 6/6
  2313 | D:4      | Found a shadowy altar of Dithmenos.
  2362 | D:4      | Found an ornate altar of the Wu Jian Council.
  2497 | D:4      | Reached * piety under Okawaru
  2602 | D:4      | Reached skill level 7 in Long Blades
  2602 | D:4      | Reached XP level 7. HP: 48/60 MP: 7/7
  2777 | D:4      | Reached skill level 5 in Fighting
  2777 | D:4      | Reached skill level 5 in Armour
  2817 | D:4      | Found a blossoming altar of Fedhas.
  2825 | D:4      | Reached skill level 5 in Shields
  2948 | D:5      | Entered Level 5 of the Dungeon
  3007 | D:5      | Noticed a two-headed ogre
  3051 | D:4      | Slain by a two-headed ogre

Vault maps used:
D:1:      dpeg_arrival_round_a, serial_forest, infiniplex_forest_straight_2,
          infiniplex_forest_3_way, infiniplex_forest_straight_3,
          infiniplex_forest_clump_small, infiniplex_forest_straight_1,
          infiniplex_forest_lined_3_way, infiniplex_forest_clump_large,
          infiniplex_forest_straight_1, minmay_pentomino_s4
D:2:      gammafunk_temple_overflow_pools, st_stairs_6
D:3:      lemuel_doored_altar
D:4:      nicolae_dithmenos_the_darkroom, kennysheep_mini_moat,
          lemuel_round_altar, old_standard_altar, first_ration, goddamned_bats
D:5:      serial_shops, kennysheep_mini, uniq_ijyb, uniq_crazy_yiuf_cottage

Skill      XL: |  1  2  3  4  5  6  7 |
---------------+----------------------+-----
Long Blades    | 3 4 5 6 7 |  7.7
Fighting       | 4 5 |  5.2
Armour         | 4 5 |  5.2
Invocations    | 1 2 |  2.9
Shields        | 4 5 |  5.0

Action                   |  1- 3 |  4- 6 |  7- 9 || total
-------------------------+-------+-------+-------++-------
Melee: Long sword        |    60 |   163 |    64 ||   287
       Headbutt          |     9 |    28 |    10 ||    47
Invok: Heroism           |       |       |     1 ||     1
Evoke: Wand              |       |       |     3 ||     3
  Eat: Chunk             |       |     6 |       ||     6
Armor: Scale mail        |    27 |    28 |       ||    55
       Chain mail        |       |    45 |    47 ||    92
Dodge: Dodged            |    17 |    36 |    16 ||    69
Block: Shield            |    25 |   105 |    60 ||   190
       Rpst.: Long sword |     3 |     4 |     3 ||    10

Table legend:
 A = Non-vault XP
 B = Vault XP
 C = Vault XP percentage of total XP
 D = Non-vault monster count
 E = Vault monster count
 F = Vault count percentage of total count
                 A         B        C        D         E       F
            +---------+---------+-------+---------+---------+-------
      Total |    1045 |     186 |  15.1 |      77 |      25 |  24.5
            +---------+---------+-------+---------+---------+-------
        D:1 |      60 |       9 |  13.0 |      25 |       4 |  13.8
        D:2 |      39 |       5 |  11.4 |      10 |       1 |   9.1
        D:3 |     181 |       0 |   0.0 |      24 |       0 |   0.0
        D:4 |     765 |     172 |  18.4 |      18 |      20 |  52.6
            +---------+---------+-------+---------+---------+-------
